 Dungeon Crawl Stone Soup version 0.23.1 (webtiles) character file.

Game seed: 5551340456804329648

423 Kairos the Skirmisher (level 6, -4/32 HPs)
             Began as a Vine Stalker Abyssal Knight on Mar 3, 2019.
             Was a Believer of Lugonu.
             Slain by a yak (13 damage)
             ... on level 3 of the Dungeon.
             The game lasted 00:06:29 (3495 turns).

Kairos the Skirmisher (Vine Stalker Abyssal Knight) Turns: 3495, Time: 00:06:30

Health: -4/32      AC:  5    Str: 16    XL:     6   Next: 95%
Magic:  0/8        EV:  6    Int: 12    God:    Lugonu [**....]
Gold:   146        SH: 17    Dex: 14    Spells: 5/5 levels left

rFire    . . .     SeeInvis .   a - +1 hand axe
rCold    + . .     Gourm    .   i - +0 large shield
rNeg     . . .     Faith    .   g - +0 ring mail {rPois}
rPois    +         Spirit   +   (no helmet)
rElec    .         Reflect  +   l - scarf {repulsion}
rCorr    .         Harm     .   (no gloves)
MR       .....                  (no boots)
Stlth    +.........             s - +4 amulet of reflection
HPRegen  0.50/turn              e - ring of protection from cold
MPRegen  0.11/turn              (no ring)

@: repel missiles
A: fangs 2, regeneration 1, magic shield, antimagic bite, no potion heal 3, rot
immunity
a: Depart the Abyss, Bend Space, Renounce Religion


You were on level 3 of the Dungeon.
You worshipped Lugonu.
Lugonu was pleased with you.
You were not hungry.

You visited 1 branch of the dungeon, and saw 4 of its levels.
You visited the Abyss 1 time.

You collected 146 gold pieces.

Inventory:

Hand Weapons
 a - a +1 hand axe (weapon)
Armour
 g - a +0 ring mail of poison resistance (worn)
 i - a +0 large shield (worn)
 l - a scarf of repulsion (worn)
Jewellery
 e - a ring of protection from cold (left hand)
 s - a +4 amulet of reflection (around neck)
Wands
 f - a wand of acid (9)
 h - a wand of polymorph (20)
Scrolls
 j - 2 scrolls of fear
 m - a scroll of remove curse
 o - a scroll of enchant armour {unknown}
 p - 3 scrolls of teleportation {unknown}
 q - a scroll of fog {unknown}
 u - 2 scrolls of identify
 v - a scroll of noise {unknown}
Potions
 b - 2 potions of might {unknown}
 d - a potion of haste {unknown}
 k - 3 potions of heal wounds {unknown}
 n - a potion of agility {unknown}
 r - 2 potions of lignification {unknown}
 t - a potion of brilliance {unknown}
Comestibles
 c - 7 rations


   Skills:
 + Level 3.6 Fighting
 + Level 3.6 Axes
 + Level 3.0 Armour
 + Level 1.6 Dodging
 + Level 1.4 Stealth
 + Level 2.7 Shields
 + Level 2.0 Invocations


You had 5 spell levels left.
You didn't know any spells.
Your spell library was empty.

Dungeon Overview and Level Annotations

Branches:
Dungeon (4/15)
 Temple: D:4-7

Altars:

Shops:
D:4 =


Innate Abilities, Weirdness & Mutations

You have extremely sharp teeth.
Your natural rate of healing is unusually fast.
When hurt, damage is shared between your health and your magic reserves.
Your bite disrupts and absorbs the magic of your enemies.
Potions cannot restore your health.
You are immune to rotting.


Message History

You hit the yak. You bite the yak, but do no damage.
The yak is heavily wounded.
You block the yak's attack.
You hit the yak.
The yak is severely wounded.
You block the yak's attack. x2
Your shield prevents you from hitting the yak.
The yak is severely wounded.
The yak gores you but does no damage.
You closely miss the yak. You bite the yak, but do no damage.
The yak is severely wounded.
The yak barely misses you.
You hit the yak.
The yak is severely wounded.
The yak gores you!
* * * LOW HITPOINT WARNING * * *
You barely miss the yak. Your bite misses the yak.
The yak is severely wounded.
You block the yak's attack. The yak gores you!
You die...

###P⌠.######P⌠P##########
#.......##..P_...##.....#
#....)..##..P.P8.##.....#
#....P.♣##♣......##.....#
####.########'#####.....#
♣.............P...#.....#
##...P....P.....###.....#
#####......#####.......#
###..####YY@.......#
#..####.##################
#.........................
#.>.......................
##########.###############
#.........# #.........#
#......)..# #.........#


You could see 2 yaks.

Vanquished Creatures
  Blork the orc (D:4)
  A scorpion (D:4)
  A hound (D:4)
  Ijyb (D:4)
  2 worker ants (D:4)
  8 gnolls
  5 adders
  A dart slug (D:1)
  A worm (D:2)
  3 leopard geckos
  5 orcs
  4 ball pythons
  7 bats
  6 giant cockroaches
  9 goblins
  4 hobgoblins
  5 jackals
  8 kobolds
  5 frilled lizards
  8 rats
85 creatures vanquished.

Notes
Turn   | Place    | Note
-------+----------+-------------------------------------------
     0 | Abyss:1  | Kairos the Vine Stalker Abyssal Knight began the quest for
                  | the Orb.
     0 | Abyss:1  | Reached XP level 1. HP: 11/11 MP: 3/3
   286 | Abyss:2  | Noticed a chaos spawn
   291 | Abyss:2  | Noticed an apocalypse crab
   292 | D:1      | Escaped the Abyss
   329 | D:1      | Reached XP level 2. HP: 11/16 MP: 2/4
   344 | D:1      | Reached * piety under Lugonu
   718 | D:1      | Reached XP level 3. HP: 16/20 MP: 2/5
  1711 | D:2      | Gained mutation: Your natural rate of healing is unusually
                  | fast. [Vine Stalker growth]
  1711 | D:2      | Reached XP level 4. HP: 20/24 MP: 6/6
  2013 | D:2      | Reached skill level 1 in Dodging
  2022 | D:1      | Reached ** piety under Lugonu
  2024 | D:1      | Reached skill level 1 in Shields
  2095 | D:2      | Reached XP level 5. HP: 24/28 MP: 7/7
  2459 | D:3      | Reached skill level 1 in Stealth
  2673 | D:3      | Found a faded altar of an unknown god.
  3213 | D:4      | Found Gockag's Jewellery Shop.
  3224 | D:4      | Reached XP level 6. HP: 29/32 MP: 6/8
  3263 | D:4      | Noticed Ijyb
  3275 | D:4      | Killed Ijyb
  3387 | D:4      | Noticed Blork the orc
  3395 | D:4      | Killed Blork the orc
  3454 | D:4      | Noticed a yak
  3454 | D:4      | Noticed a yak
  3454 | D:4      | Noticed a yak
  3454 | D:4      | Noticed a yak
  3454 | D:4      | Noticed a yak
  3456 | D:4      | Noticed a yak
  3495 | D:3      | Slain by a yak

Skill      XL: |  1  2  3  4  5  6 |
---------------+-------------------+-----
Fighting       | 3 |  3.6
Axes           | 2 3 |  3.6
Invocations    | 2 |  2.0
Armour         | 2 3 |  3.0
Dodging        | 1 |  1.6
Shields        | 1 2 |  2.7
Stealth        | 1 |  1.4

Action                   |  1- 3 |  4- 6 || total
-------------------------+-------+-------++-------
Melee: Hand axe          |   127 |   204 ||   331
       Bite              |    22 |    58 ||    80
Invok: Depart the Abyss  |     1 |       ||     1
  Use: Scroll            |       |     3 ||     3
  Eat: Chunk             |     2 |     7 ||     9
Armor: Ring mail         |    45 |    54 ||    99
Dodge: Dodged            |    40 |    55 ||    95
Block: Large shield      |    66 |   192 ||   258
       Reflection        |       |     2 ||     2
